 Seeded DCSS version 0.29.1-1-gd02db6906a (webtiles) character file.

Game seed: 11899657880823209016 (custom seed)

2373 Iusername the Carver (level 9, -1/75 HPs)
             Began as a Minotaur Fighter on Sept 26, 2022.
             Slain by a yak (5 damage)
             ... on level 8 of the Dungeon.
             The game lasted 00:10:49 (10838 turns).

Iusername the Carver (Minotaur Fighter)            Turns: 10838, Time: 00:10:50

Health: -1/75      AC: 21    Str: 26    XL:     9   Next: 21%
Magic:  8/8        EV:  7    Int:  5    God:
Gold:   386        SH:  5    Dex:  9    Spells: 8/8 levels left

rFire   + . .      SeeInvis .   a - +0 long sword
rCold   + . .      Faith    .   c - +0 buckler
rNeg    . . .      Spirit   .   n - +2 plate armour {rPois}
rPois   +          Reflect  .   (helmet restricted)
rElec   +          Harm     .   g - +2 cloak
rCorr   +          Rampage  .   (no gloves)
Will    .....                   B - +0 pair of boots
Stlth   ..........              (no amulet)
HPRegen 0.22/turn               (no ring)
MPRegen 0.11/turn               (no ring)

@: mighty, resistant
A: horns 2, retaliatory headbutt
a: no special abilities


You were on level 8 of the Dungeon.
You visited 1 branch of the dungeon, and saw 8 of its levels.

You collected 386 gold pieces.

Inventory:

Hand Weapons
 a - a +0 long sword (weapon)
Missiles
 E - 2 throwing nets (quivered)
Armour
 c - a +0 buckler (worn)
 g - a +2 cloak (worn)
 n - a +2 plate armour of poison resistance (worn)
 B - a +0 pair of boots (worn)
Jewellery
 k - a ring of willpower
 r - an amulet of faith
 w - a ring of fire
 y - a ring of ice
Wands
 A - a wand of polymorph (16)
Scrolls
 e - 2 scrolls of magic mapping
 f - 7 scrolls of identify {unknown}
 i - 3 scrolls of noise
 l - a scroll of enchant weapon {unknown}
 m - 2 scrolls of brand weapon {unknown}
 p - 4 scrolls of blinking {unknown}
 q - 2 scrolls of silence {unknown}
 s - 2 scrolls of teleportation {unknown}
 u - a scroll of torment {unknown}
 x - a scroll of amnesia {unknown}
 C - a scroll of fog {unknown}
Potions
 b - a potion of berserk rage {unknown}
 d - 2 potions of might
 h - a potion of degeneration {unknown}
 j - 2 potions of resistance
 o - a potion of lignification
 t - 2 potions of haste {unknown}
 v - 2 potions of mutation {unknown}
 z - a potion of curing {unknown}
 D - a potion of brilliance {unknown}


   Skills:
 + Level 6.2 Fighting
 + Level 9.7 Long Blades
 + Level 9.7 Armour
 + Level 1.1 Dodging
 + Level 0.6 Stealth
 + Level 5.9 Shields


You had 8 spell levels left.
You didn't know any spells.
Your spell library contained the following spells:

 Spells                   Type           Power      Damage    Failure   Level
 Magic Dart               Conj           0%         1d3       100%        1
 Blink                    Tloc           0%         N/A       100%        2
 Call Imp                 Summ           0%         N/A       100%        2
 Mephitic Cloud           Conj/Pois/Air  0%         N/A       100%        3
 Alistair's Intoxication  Tmut/Pois      0%         N/A       100%        5
 Borgnjor's Vile Clutch   Necr/Erth      0%         N/A       100%        5
 Manifold Assault         Tloc           0%         N/A       100%        5
 Eringya's Noxious Bog    Tmut/Pois      0%         N/A       100%        6
 Storm Form               Tmut/Air       0%         N/A       100%        7


Dungeon Overview and Level Annotations

Branches:
Dungeon (8/15)             Temple (0/1) D:4
   Lair: D:8-11

Altars:
Ashenzari
Elyvilon
Gozag
Makhleb
Nemelex Xobeh
Qazlal
Sif Muna
Wu Jian
Yredelemnul
Zin

Shops:
D:1 ?   D:7 *

Annotations:
D:6 3 runed translucent doors, Godmorgon's ghost, novice MiFi


Innate Abilities, Weirdness & Mutations

You have a pair of horns on your head.
You reflexively headbutt those who attack you in melee.


Message History

The yak gores you but does no damage. The yak gores you!
As you read the scroll labelled VUL RATZURAMI, it crumbles to dust.
You hear a loud clanging noise!
It was a scroll of noise.
You hear a shout! x4
You block the yak's attack.
The yak gores you but does no damage. x2
You hear the hiss of flowing sand.
There is an entrance to an ossuary on this level.
Hurry and find it before the portal is buried!
Welcome back, Iusername the Minotaur Fighter.
Game seed: 11899657880823209016 (custom seed) Press ? for a list of commands and other information.
You hear the hiss of flowing sand.
There is an entrance to an ossuary on this level.
Hurry and find it before the portal is buried!
Welcome back, Iusername the Minotaur Fighter.
Game seed: 11899657880823209016 (custom seed) Press ? for a list of commands and other information.
As you read the scroll labelled QAHOCSOHUD, it crumbles to dust.
You feel aware of your surroundings.
You sensed 1 shop/portal.
It was a scroll of magic mapping.
The yak gores you but does no damage. x2
The yak gores you.
The yak gores you but does no damage. x2
The yak attacks as you move away! The yak gores you!
* * * LOW HITPOINT WARNING * * *
You feel very mighty all of a sudden. The yak gores you but does no damage.
You block the yak's attack. The yak attacks as you move away!
The yak gores you.
* * * LOW HITPOINT WARNING * * *
The yak attacks as you move away! You block the yak's attack.
The yak attacks as you move away! You block the yak's attack.
The yak gores you but does no damage. The yak attacks as you move away!
The yak gores you but does no damage. The yak barely misses you.
You furiously retaliate!
You headbutt the yak. The yak attacks as you move away!
The yak gores you but does no damage. The yak attacks as you move away!
The yak gores you!
* * * LOW HITPOINT WARNING * * *
The yak attacks as you move away! The yak gores you but does no damage.
It was a potion of resistance.
You feel protected. The yak gores you.
You die...

###...........#......#.....##....
..............#......#.........†.
..............#......#...........
.##########'###......###...##....
.#,,...................#...######
##,,...................#...#.....
,,,,...................#...#.....
,,,,.............Y.....#...#.....
,,,,............@YYYYY.###+#.....
,,**#################............
,,+,,,* #.......##### ,,*,,,*
#.Y.....#.... ***,,,*
#.......'.... ,**,,,*
########o......#.... ,******
#..............#...# ,,*
#......†o......#...# ,,*
#......†...###.#....


You could see 6 yaks.

Vanquished Creatures
  A water moccasin (D:7)
  An ice beast (D:7)
  A black bear (D:6)
  2 ogres
  2 centaurs
  A phantom (D:5)
  A kobold brigand (D:8)
  2 bullfrogs (D:7)
  A necrophage (D:7)
  7 scorpions
  8 killer bees (D:8)
  A jelly (D:6)
  3 orc priests
  A gnoll bouda (D:4)
  2 hounds
  2 iguanas
  Natasha (thrice) (D:2)
  5 orc wizards
  The ghost of WilliamBlazkowicz the Chopper, a weakling HuGl (D:5)
  5 gnolls (D:4)
  4 adders
  2 white imps (D:6)
  An ufetubus (D:5)
  5 dart slugs
  19 orcs
  3 ball pythons
  8 endoplasms
  4 giant cockroaches
  5 goblins
  3 hobgoblins
  11 kobolds
  2 quokkas
  3 bats (D:3)
  6 frilled lizards
  4 rats
130 creatures vanquished.

Notes
Turn   | Place    | Note
-------+----------+-------------------------------------------
     0 | D:1      | Iusername the Minotaur Fighter began the quest for the Orb.
     0 | D:1      | Reached XP level 1. HP: 19/19 MP: 0/0
   135 | D:1      | Found Enumim's Magic Scroll Shoppe.
   240 | D:1      | Reached XP level 2. HP: 22/27 MP: 1/1
  1174 | D:2      | Noticed Natasha
  1176 | D:2      | Noticed a crimson imp
  1181 | D:2      | Killed Natasha
  1182 | D:2      | Reached XP level 3. HP: 17/33 MP: 2/2
  1577 | D:2      | Noticed Natasha
  1585 | D:2      | Killed Natasha
  1586 | D:2      | Reached XP level 4. HP: 30/40 MP: 3/3
  1867 | D:2      | Found a glowing silver altar of Zin.
  1957 | D:2      | Noticed Natasha
  1971 | D:2      | Killed Natasha
  1972 | D:2      | Reached skill level 5 in Armour
  3200 | D:3      | Found a stormy altar of Qazlal.
  3201 | D:3      | Found a basalt altar of Yredelemnul.
  3208 | D:3      | Found an ornate altar of the Wu Jian Council.
  3311 | D:3      | Reached XP level 5. HP: 44/46 MP: 4/4
  4075 | D:4      | Noticed a centaur
  4082 | D:4      | Killed a centaur
  4431 | D:4      | Reached XP level 6. HP: 44/53 MP: 5/5
  4762 | D:4      | Reached skill level 5 in Long Blades
  4777 | D:4      | Reached skill level 5 in Fighting
  4790 | D:4      | HP: 4/84 [gnoll/+0 spear[a gnoll bouda] (3)]
  5921 | D:4      | Reached XP level 7. HP: 61/61 MP: 6/6
  6137 | D:4      | Found a staircase to the Ecumenical Temple.
  6440 | D:5      | Entered Level 5 of the Dungeon
  6521 | D:5      | Reached skill level 1 in Dodging
  6588 | D:5      | Found a white marble altar of Elyvilon.
  6593 | D:5      | Found a shimmering blue altar of Sif Muna.
  6596 | D:5      | Found a sparkling altar of Nemelex Xobeh.
  6599 | D:5      | Found an opulent altar of Gozag.
  6661 | D:5      | Found a runed translucent door.
  6668 | D:5      | Reached skill level 5 in Shields
  7064 | D:5      | Noticed WilliamBlazkowicz's ghost (weakling HuGl)
  7225 | D:5      | Found a broken altar of Ashenzari.
  7539 | D:5      | Killed WilliamBlazkowicz's ghost
  7757 | D:6      | Reached XP level 8. HP: 68/69 MP: 7/7
  8330 | D:6      | Found a runed translucent gate.
  8330 | D:6      | Found a runed translucent gate.
  8330 | D:6      | Found a runed translucent gate.
  8332 | D:6      | Noticed Godmorgon's ghost (novice MiFi)
  9699 | D:7      | Found a burning altar of Makhleb.
  9815 | D:7      | Found Zokash's General Store.
 10291 | D:8      | Reached XP level 9. HP: 75/75 MP: 8/8
 10838 | D:8      | Slain by a yak

Illustrated notes

Levels and vault maps discovered:
D:1:      dpeg_arrival_boxorama, layout_basic, serial_shops,
          nicolae_shop_waterfront
D:2:      layout_loops_ring, basic_altar, uniq_natasha
D:3:      layout_loops_corners, minitemple, minmay_checkerbox
D:4:      layout_rooms, temple_hall, solitary_fountain, minivault_1,
          nicolae_hexahallways, minmay_misc_feat_pillars
D:5:      layout_loops_ring, grunt_temple_overflow_cloverleaf,
          mainiacjoe_overflow_concentric_impassable,
          ebering_ghost_reflecting_pool
D:6:      layout_cave_pods, gammafunk_ghost_necromancy, minivault_5,
          kennysheep_donut
D:7:      layout_rooms, kennysheep_little_box, serial_shops, shop
D:8:      layout_gridville, nicolae_ossuary_entry_plus, grunt_ministairs_5

Skill      XL: |  1  2  3  4  5  6  7  8 |
---------------+-------------------------+-----
Armour         | 4 5 6 7 9 |  9.7
Fighting       | 4 5 6 |  6.2
Long Blades    | 3 4 5 7 9 |  9.7
Shields        | 4 5 |  5.9
Dodging        | 1 |  1.1
Stealth        | |  0.6

Action                   |  1- 3 |  4- 6 |  7- 9 || total
-------------------------+-------+-------+-------++-------
Melee: Long sword        |    40 |   201 |   317 ||   558
       Headbutt          |     4 |    20 |    52 ||    76
  Use: Potion            |       |     5 |     2 ||     7
       Scroll            |       |       |     2 ||     2
Armor: Scale mail        |    11 |    42 |       ||    53
       Plate armour      |       |   101 |   294 ||   395
       Skin              |       |    22 |       ||    22
Dodge: Dodged            |    21 |    60 |   120 ||   201
Block: Buckler           |     8 |    49 |    75 ||   132
